[Event "Titled Tuesday Blitz May 25 2021"]
[White "Zhigalko, Sergei"]
[Black "Rostovtsev, Dmitry"]
[WhiteFideId "13502956"]
[BlackFideId "34278320"]
[WhiteElo "2662"]
[BlackElo "2143"]
[Result "0-1"]
[Round "03"]
[TimeControl "180+1"]
[Date "2021.05.25"]
[WhiteClock "0:00:02"]
[BlackClock "0:00:03"]

1. e4 e5 2. Nf3 Nc6 3. Bc4 Nf6 4. Ng5 d5 5. exd5 Na5 6. Bb5+ c6 7. dxc6 bxc6 8. Bd3 Nd5 9. h4 Nf4 10. Bf1 h6 11. Nf3 Bg4 12. d4 Qd5 13. Bxf4 exf4 14. Nbd2 Rb8 15. c4 Qe6+ 16. Be2 Rxb2 17. O-O Bb4 18. d5 Qe7 19. Re1 O-O 20. Bd3 Qd8 21. Qc1 Rxd2 22. Nxd2 cxd5 23. c5 Nc4 24. Nxc4 dxc4 25. Qxc4 Bxe1 26. Rxe1 Qf6 27. c6 Be6 28. Qe4 g6 29. Ba6 Qc3 30. Rd1 Qa5 31. Bb7 Qc7 32. Qd4 Bc8 33. Qxa7 f3 34. gxf3 Qe7 35. Qe3 Qxh4 36. Qe4 Qg5+ 37. Kf1 Qb5+ 38. Kg1 Qg5+ 39. Kf1 Qb5+ 40. Qd3 Qb6 41. Qd4 Qc7 42. Qd6 Qb6 43. Bxc8 Rxc8 44. Rc1 Qb5+ 45. Ke1 Re8+ 46. Kd2 Re2+ 47. Kd1 Rxf2 48. Qd8+ Kh7 0-1


[Site "https://www.chess.com"]

[Event "Titled Tuesday Blitz May 25 2021"]
[White "Zierk, Steven"]
[Black "Vetokhin, Savva"]
[WhiteFideId "2034255"]
[BlackFideId "44144474"]
[WhiteElo "2834"]
[BlackElo "2609"]
[Result "1-0"]
[Round "03"]
[TimeControl "180+1"]
[Date "2021.05.25"]
[WhiteClock "0:00:19"]
[BlackClock "0:00:17"]

1. d4 Nf6 2. c4 e6 3. Nf3 d5 4. Nc3 Bb4 5. Qa4+ Nc6 6. e3 O-O 7. Bd2 dxc4 8. Bxc4 Bd6 9. O-O e5 10. d5 Ne7 11. e4 Bg4 12. Be2 Bxf3 13. Bxf3 Nd7 14. Rac1 Ng6 15. g3 Ne7 16. Be3 a6 17. Qb3 b5 18. a4 b4 19. Nb1 a5 20. Nd2 f5 21. Nc4 fxe4 22. Bxe4 Nf6 23. Bg2 Qd7 24. Nxe5 Qf5 25. Nc4 Kh8 26. h3 Ra6 27. Nxd6 cxd6 28. Rfd1 Raa8 29. Rc7 Ng6 30. Qc2 Qe5 31. Bd4 Qh5 32. Re1 Ne5 33. Qe2 Qxe2 34. Rxe2 Rac8 35. Bb6 Nc4 36. Rxc8 Rxc8 37. Bd4 Kg8 38. h4 Ne5 39. Bxe5 dxe5 40. Rxe5 Rc2 41. d6 Rxb2 42. Rxa5 Rd2 43. Rb5 Rd1+ 44. Bf1 Rd4 45. a5 Nd7 46. a6 Rxd6 47. a7 1-0


[Site "https://www.chess.com"]

[Event "Titled Tuesday Blitz May 25 2021"]
[White "Zubov, Alexander"]
[Black "Nazaretyan, Tigran"]
[WhiteFideId "14109409"]
[BlackFideId "24162345"]
[WhiteElo "2740"]
[BlackElo "2247"]
[Result "1-0"]
[Round "03"]
[TimeControl "180+1"]
[Date "2021.05.25"]
[WhiteClock "0:00:51"]
[BlackClock "0:00:28"]

1. d4 Nf6 2. c4 c5 3. d5 b5 4. cxb5 a6 5. bxa6 Bxa6 6. Nc3 g6 7. Nf3 Bg7 8. Nd2 O-O 9. e4 Bxf1 10. Nxf1 d6 11. Ne3 Nbd7 12. O-O Qa5 13. Bd2 Rfb8 14. b3 Ne8 15. Qc2 Nc7 16. a4 Na6 17. Nc4 Nb4 18. Qd1 Qa6 19. Rb1 Nb6 20. Nxb6 Rxb6 21. Nb5 Rxb5 22. axb5 Qxb5 23. Bg5 Ra7 24. Qc1 Qd3 25. Qc4 Qxc4 26. bxc4 Bd4 27. Rb3 Ra2 28. Bxe7 Be5 29. f4 Bd4+ 30. Kh1 Re2 31. e5 dxe5 32. d6 f5 33. d7 Nc6 34. Rb6 Kf7 35. Bh4 Ke6 36. d8=Q 1-0


[Site "https://www.chess.com"]

[Event "Titled Tuesday Blitz May 25 2021"]
[White "mattcolins2025"]
[Black "Corrales Jimenez, Fidel"]
[BlackFideId "3506690"]
[WhiteElo "2452"]
[BlackElo "2555"]
[Result "0-1"]
[Round "03"]
[TimeControl "180+1"]
[Date "2021.05.25"]
[WhiteClock "0:00:06"]
[BlackClock "0:00:26"]

1. d4 Nf6 2. c4 g6 3. Nc3 d5 4. Nf3 Bg7 5. Qb3 dxc4 6. Qxc4 Nfd7 7. e4 Nb6 8. Qb3 Bg4 9. Be3 Bxf3 10. gxf3 O-O 11. Rd1 Nc6 12. d5 Ne5 13. Be2 Qc8 14. h3 c6 15. f4 Ned7 16. dxc6 bxc6 17. Bg4 e6 18. f5 exf5 19. exf5 Qc7 20. fxg6 hxg6 21. Qc2 Ne5 22. Nb5 Qe7 23. Nd4 Nbc4 24. Nxc6 Qb7 25. Nxe5 Nxe3 26. Qc6 Qb4+ 27. Ke2 Nxd1 28. Nd3 Rae8+ 29. Kxd1 Rd8 30. Kc2 Rxd3 31. Kxd3 Qxb2 32. Rc1 Rd8+ 33. Ke3 Bd4+ 34. Ke4 Qxf2 35. Bd7 Qe3+ 36. Kd5 Bb2 37. Rc2 Qd4# 0-1


[Site "https://www.chess.com"]

[Event "Titled Tuesday Blitz May 25 2021"]
[White "Abdrlauf, Elham"]
[Black "Perez Gormaz, Matias"]
[WhiteFideId "1533533"]
[BlackFideId "3406342"]
[WhiteElo "2326"]
[BlackElo "2414"]
[Result "1-0"]
[Round "04"]
[TimeControl "180+1"]
[Date "2021.05.25"]
[WhiteClock "0:00:20"]
[BlackClock "0:00:02"]

1. e4 c5 2. Nf3 d6 3. d4 cxd4 4. Nxd4 Nf6 5. Nc3 a6 6. Bc4 e6 7. Be3 b5 8. Bb3 Nbd7 9. Bxe6 fxe6 10. Nxe6 Qa5 11. a3 b4 12. axb4 Qxb4 13. Nc7+ Kf7 14. Nxa8 Qb7 15. O-O Qxa8 16. Qd4 Qc6 17. f4 Bb7 18. Ra4 d5 19. exd5 Qc7 20. Rc4 Qd6 21. Qa7 Bxd5 22. Rd1 Bxc4 23. Rxd6 Bxd6 24. Qd4 Re8 25. Qxc4+ Kf8 26. Bf2 Be7 27. h3 Rb8 28. b3 a5 29. Nd5 Nxd5 30. Qxd5 Nf6 31. Qxa5 Rd8 32. Bc5 Bxc5+ 33. Qxc5+ Kf7 34. Qc4+ Kf8 35. b4 g6 36. b5 1-0


[Site "https://www.chess.com"]

[Event "Titled Tuesday Blitz May 25 2021"]
[White "Abdusattorov, Nodirbek"]
[Black "Dang, Hoang Son"]
[WhiteFideId "14204118"]
[BlackFideId "12402435"]
[WhiteElo "2662"]
[BlackElo "2248"]
[Result "1-0"]
[Round "04"]
[TimeControl "180+1"]
[Date "2021.05.25"]
[WhiteClock "0:00:03"]
[BlackClock "0:00:02"]

1. d4 Nf6 2. c4 g6 3. Nc3 Bg7 4. e4 O-O 5. Nf3 d6 6. Be2 e5 7. dxe5 dxe5 8. Qxd8 Rxd8 9. Bg5 Be6 10. Nd5 Bxd5 11. cxd5 c6 12. Bc4 b5 13. Bb3 a5 14. a4 bxa4 15. Rxa4 Nbd7 16. dxc6 Nc5 17. Ra3 Nxb3 18. Rxb3 Rdc8 19. Bxf6 Bxf6 20. Rc3 Ra6 21. Ke2 Rcxc6 22. Rhc1 Rcb6 23. R1c2 Rb4 24. Nd2 Kg7 25. f3 a4 26. Rc4 Rb5 27. Nb1 Rab6 28. Nc3 Rxb2 29. Nxa4 Rxc2+ 30. Rxc2 Rb1 31. Nc3 Rh1 32. h3 Bh4 33. Nd5 Re1+ 34. Kd3 Bg5 35. Ra2 h5 36. Kc4 Rc1+ 37. Kb5 Kh6 38. Nb4 f6 39. Nd5 f5 40. Nb6 fxe4 41. fxe4 Re1 42. Ra4 Re2 43. Nd7 Bf4 44. Kc5 Rxg2 45. Kd5 Kg5 46. Ra3 Kh4 47. Ke6 Re2 48. Kd5 g5 49. Nxe5 Bxe5 50. Kxe5 g4 51. hxg4 hxg4 52. Ra8 g3 53. Kf4 Rf2+ 54. Ke3 Rf1 55. Rh8+ Kg4 56. Rg8+ Kh3 57. Rh8+ Kg2 58. e5 Re1+ 59. Kd4 Kg1 60. Kd5 g2 61. e6 Kf2 62. Rf8+ Ke3 63. e7 g1=Q 64. e8=Q+ Kd2 65. Qf7 Qg5+ 66. Qf5 Qg2+ 67. Kd6 Qg3+ 68. Kd7 Rd1 69. Ke7 Qe3+ 70. Kf7 Qa7+ 71. Kg6 Qa6+ 72. Rf6 Rg1+ 73. Kf7 Qa7+ 74. Kf8 Qb8+ 75. Kf7 Qc7+ 76. Kf8 Qg7+ 77. Ke8 Re1+ 78. Re6 Qg8+ 79. Ke7 Qg7+ 80. Kd6 Qd4+ 81. Ke7 Qa7+ 82. Kf6 Qd4+ 83. Kf7 Qd7+ 84. Kf6 Qd8+ 85. Kf7 Qd7+ 86. Kf6 Qd4+ 87. Ke7 Qb4+ 88. Kd7 Qa4+ 89. Kd6 Qa6+ 90. Kd7 Qd3+ 91. Qxd3+ Kxd3 92. Rxe1 1-0


[Site "https://www.chess.com"]

[Event "Titled Tuesday Blitz May 25 2021"]
[White "Acor, Corey"]
[Black "Isajevsky, Anton"]
[WhiteFideId "2024861"]
[BlackFideId "4142500"]
[WhiteElo "2808"]
[BlackElo "2510"]
[Result "1/2-1/2"]
[Round "04"]
[TimeControl "180+1"]
[Date "2021.05.25"]
[WhiteClock "0:00:12"]
[BlackClock "0:00:05"]

1. e4 c5 2. Nc3 d6 3. g3 Nc6 4. Bg2 g6 5. d3 Bg7 6. Be3 Rb8 7. Nf3 e5 8. h3 Nge7 9. O-O O-O 10. Qd2 b5 11. Bh6 f6 12. Bxg7 Kxg7 13. Nh4 b4 14. Ne2 g5 15. Nf5+ Nxf5 16. exf5 Nd4 17. g4 Nxe2+ 18. Qxe2 d5 19. a3 a6 20. axb4 cxb4 21. c3 a5 22. Rfc1 Rf7 23. Qe3 bxc3 24. bxc3 Rb5 25. c4 dxc4 26. dxc4 Rb4 27. Qc5 Bb7 28. Qxa5 Qxa5 29. Rxa5 Bxg2 30. Kxg2 Rc7 31. c5 h5 32. Kg3 Rb3+ 33. Kg2 Rb4 34. f3 Rb2+ 35. Kg1 h4 36. c6 Rb6 37. Rac5 Kf7 38. Kf2 Ke7 39. R5c3 Kd6 40. Ke3 Rbxc6 41. Rd3+ Ke7 42. Rcd1 Rc1 43. Rd7+ Rxd7 44. Rxc1 Ra7 45. Rc3 Rb7 46. Ke4 Rb4+ 47. Ke3 Rb7 48. Ra3 Rc7 49. Ra6 Rb7 50. Re6+ Kf7 51. Rd6 Rb3+ 52. Rd3 Rb4 53. Rd7+ Ke8 54. Ra7 Kf8 55. Kd3 Rd4+ 56. Ke3 Rb4 57. Ra8+ Kf7 58. Ra7+ Kf8 1/2-1/2


[Site "https://www.chess.com"]

[Event "Titled Tuesday Blitz May 25 2021"]
[White "Akbas, Umut Ata"]
[Black "Nguyen, Ngoc Truong Son"]
[WhiteFideId "44572646"]
[BlackFideId "12401110"]
[WhiteElo "1590"]
[BlackElo "2596"]
[Result "1-0"]
[Round "04"]
[TimeControl "180+1"]
[Date "2021.05.25"]
[WhiteClock "0:00:16"]
[BlackClock "0:00:01"]

1. d4 Nf6 2. c4 c5 3. Nf3 e6 4. Nc3 cxd4 5. Nxd4 Nc6 6. g3 Bb4 7. Bg2 O-O 8. O-O Qb6 9. Nb3 Bxc3 10. bxc3 d5 11. Be3 Qc7 12. cxd5 exd5 13. Bg5 Ne4 14. Qxd5 Nxc3 15. Qc4 Qe5 16. f4 Qe3+ 17. Kh1 Be6 18. Qc5 Qxc5 19. Nxc5 Nxe2 20. Nxb7 Ned4 21. f5 Bxf5 22. Bxc6 Nxc6 23. Rxf5 Rab8 24. Rc5 Nd4 25. Nd6 Ne6 26. Ra5 Rb6 27. Be7 Ra8 28. Rf1 f6 29. Nf5 Ng5 30. Rf2 Re6 31. Bb4 Ne4 32. Rc2 g6 33. Nd4 Rb6 34. a3 Rb7 35. Rc6 Re8 36. Re6 Rxe6 37. Nxe6 f5 38. Rd5 Rb6 39. Nc5 Rc6 40. Nxe4 fxe4 41. Re5 Rc4 42. Re7 a6 43. Re6 1-0


[Site "https://www.chess.com"]

[Event "Titled Tuesday Blitz May 25 2021"]
[White "Annaberdiyev, Babageldi"]
[Black "Sarana, Alexey"]
[WhiteFideId "14000385"]
[BlackFideId "24133795"]
[WhiteElo "2332"]
[BlackElo "2629"]
[Result "0-1"]
[Round "04"]
[TimeControl "180+1"]
[Date "2021.05.25"]
[WhiteClock "0:00:01"]
[BlackClock "0:00:01"]

1. e4 c5 2. Nf3 d6 3. d4 Nf6 4. Nc3 cxd4 5. Nxd4 a6 6. Bg5 Nbd7 7. Be2 e6 8. O-O Be7 9. a4 O-O 10. a5 Nc5 11. f3 h6 12. Be3 Qc7 13. Qe1 e5 14. Nb3 Be6 15. Nxc5 dxc5 16. Qf2 Rfd8 17. Kh1 Rd7 18. g4 Rad8 19. Na4 Qc6 20. Nb6 Rd2 21. Rac1 Bxg4 22. Nc4 Nxe4 23. Qe1 Rxe2 24. Qxe2 Bh5 25. Nxe5 Qe6 26. Bf4 Ng5 27. Rce1 Bf6 28. Bxg5 hxg5 29. Ng4 Qc6 30. Qe4 Qxe4 31. Rxe4 Bxb2 32. Re7 Rd2 33. Rxb7 Rxc2 34. Ne3 Re2 35. Nf5 Be5 36. Ng3 Bxg3 37. hxg3 Bg6 38. Rc7 Rc2 39. Rd1 c4 40. g4 Bd3 41. Kg1 Rb2 0-1


[Site "https://www.chess.com"]

[Event "Titled Tuesday Blitz May 25 2021"]
[White "Aradhya, Garg"]
[Black "Song, Julien"]
[WhiteFideId "25006746"]
[BlackFideId "659487"]
[WhiteElo "2146"]
[BlackElo "2225"]
[Result "1-0"]
[Round "04"]
[TimeControl "180+1"]
[Date "2021.05.25"]
[WhiteClock "0:01:54"]
[BlackClock "0:00:36"]

1. d4 d5 2. c4 dxc4 3. Qa4+ Nc6 4. Nf3 Nf6 5. Nc3 Nd5 6. Qxc4 Nb6 7. Qd3 Nb4 8. Qb5+ Nc6 9. Bf4 a6 10. Qd3 Nb4 11. Qd2 Nc4 12. Qc1 Bf5 13. e4 Bg4 14. Bxc4 Bxf3 15. gxf3 Qxd4 16. Nd5 Nxd5 17. Bxd5 e6 18. Bc6+ bxc6 19. Qxc6+ Ke7 20. Qxa8 e5 21. Rd1 Qb4+ 22. Bd2 Qb6 23. Bc3 Kf6 24. Qd8+ Ke6 25. Qd5+ Ke7 26. Qxe5+ 1-0


[Site "https://www.chess.com"]

[Event "Titled Tuesday Blitz May 25 2021"]
[White "Araujo Sanchez, Josue"]
[Black "Sanal, Vahap"]
[WhiteFideId "6416896"]
[BlackFideId "6300545"]
[WhiteElo "2140"]
[BlackElo "2507"]
[Result "0-1"]
[Round "04"]
[TimeControl "180+1"]
[Date "2021.05.25"]
[WhiteClock "0:01:05"]
[BlackClock "0:01:22"]

1. Nf3 g6 2. c4 Bg7 3. Nc3 c5 4. d4 cxd4 5. Nxd4 Nc6 6. Nc2 Nf6 7. g3 O-O 8. Bg2 d6 9. O-O Bd7 10. b3 Rc8 11. Bb2 a6 12. Rc1 h5 13. Qd2 h4 14. Ne3 h3 15. Bh1 Re8 16. Rfd1 Qa5 17. a3 Qh5 18. Bf3 Qh8 19. Ncd5 Ne4 20. Bxg7 Nxd2 21. Bxh8 Nxf3+ 22. exf3 Kxh8 23. Nb6 Rcd8 24. c5 Be6 25. cxd6 exd6 26. b4 Ne5 27. f4 Nf3+ 28. Kh1 d5 29. Nf1 d4 30. Nd2 Bg4 31. Nbc4 b5 32. Na5 Re2 33. Nxf3 Bxf3+ 34. Kg1 d3 35. Nb3 d2 36. Ra1 Rd3 37. Nc5 Rxa3 0-1


[Site "https://www.chess.com"]

[Event "Titled Tuesday Blitz May 25 2021"]
[White "Arias, Juan Cruz"]
[Black "Maghsoodloo, Parham"]
[WhiteFideId "118540"]
[BlackFideId "12539929"]
[WhiteElo "2083"]
[BlackElo "2601"]
[Result "0-1"]
[Round "04"]
[TimeControl "180+1"]
[Date "2021.05.25"]
[WhiteClock "0:00:11"]
[BlackClock "0:00:19"]

1. e4 c5 2. Nc3 Nc6 3. Bb5 Nd4 4. Bc4 e6 5. Nge2 a6 6. a4 Ne7 7. O-O g6 8. Nxd4 cxd4 9. Ne2 Bg7 10. d3 d5 11. exd5 Nxd5 12. Nf4 Ne7 13. Re1 O-O 14. Bd2 e5 15. Ne2 Nc6 16. a5 Re8 17. Ng3 Be6 18. b3 f5 19. Qf3 Qd7 20. Re2 Bxc4 21. bxc4 e4 22. Qf4 e3 23. Be1 Be5 24. Qg5 f4 25. Ne4 Qf5 26. Qxf5 gxf5 27. Nc5 Re7 28. Rb1 Rb8 29. Na4 Bc7 30. Nb6 Bxb6 31. Rxb6 Re5 32. fxe3 fxe3 33. Bg3 Rxa5 34. Bxb8 Ra1+ 0-1


[Site "https://www.chess.com"]

[Event "Titled Tuesday Blitz May 25 2021"]
[White "Avramidou, Anastasia"]
[Black "Solon, Nathan"]
[WhiteFideId "4239873"]
[BlackFideId "2017229"]
[WhiteElo "2183"]
[BlackElo "2664"]
[Result "0-1"]
[Round "04"]
[TimeControl "180+1"]
[Date "2021.05.25"]
[WhiteClock "0:00:04"]
[BlackClock "0:00:17"]

1. d4 d5 2. c4 e6 3. Nc3 c5 4. Nf3 cxd4 5. Nxd4 e5 6. Nf3 d4 7. Nb1 Nc6 8. e3 Bb4+ 9. Bd2 dxe3 10. fxe3 Bc5 11. Nc3 Nf6 12. Qc2 O-O 13. a3 Re8 14. Bd3 h6 15. O-O-O Ng4 16. Kb1 Nf2 17. Bc1 Nxd1 18. Rxd1 Qa5 19. Nd5 Bf8 20. Nd2 Bg4 21. Rf1 Rac8 22. Nb3 Qd8 23. Bf5 Bxf5 24. Qxf5 f6 25. Qg6 Kh8 26. g4 Ne7 27. Nxe7 Rxe7 28. g5 Qe8 29. Qe4 hxg5 30. Rf3 Qh5 31. Qf5 Rxc4 32. Nd2 Rh4 33. Qc8 Kg8 34. Qc5 Rxh2 35. Qc4+ Qf7 36. Qc8 Rc7 37. Qd8 Qd7 38. Qb8 Rxc1+ 39. Kxc1 Qxd2+ 40. Kb1 Qxb2# 0-1


[Site "https://www.chess.com"]

[Event "Titled Tuesday Blitz May 25 2021"]
[White "Babiy, Olga"]
[Black "Henderson de La Fuente, Lance"]
[WhiteFideId "14117258"]
[BlackFideId "32096585"]
[WhiteElo "2213"]
[BlackElo "2280"]
[Result "0-1"]
[Round "04"]
[TimeControl "180+1"]
[Date "2021.05.25"]
[WhiteClock "0:00:04"]
[BlackClock "0:00:20"]

1. d4 Nf6 2. Nf3 e6 3. Bf4 c5 4. e3 b6 5. Nbd2 Be7 6. Bd3 Bb7 7. h3 d6 8. O-O O-O 9. c3 Nbd7 10. Bh2 a6 11. a4 Qc7 12. Re1 Rfe8 13. e4 Bf8 14. Rc1 e5 15. Bb1 b5 16. Qb3 c4 17. Qd1 Bc6 18. Nh4 g6 19. f4 Qb6 20. Kh1 exd4 21. Bg1 Qb7 22. Bxd4 Nxe4 23. Bxe4 Bxe4 24. f5 Bd5 25. Qg4 Ne5 26. Qg5 h6 27. Qg3 g5 28. Nhf3 f6 29. Rb1 bxa4 30. h4 Bg7 31. hxg5 hxg5 32. Nxg5 fxg5 33. Qxg5 Qe7 34. Qg3 Qf7 35. Rf1 Qf6 36. Rbe1 Rab8 37. Ne4 Bxe4 38. Rxe4 Rxb2 39. Rg4 a3 40. Rg6 Qf7 41. Bxe5 Rxe5 42. f6 Rh5+ 43. Kg1 Qa7+ 44. Rf2 Rb1# 0-1


[Site "https://www.chess.com"]

[Event "Titled Tuesday Blitz May 25 2021"]
[White "Barbero Sendic, Alejandro"]
[Black "Molina, Roberto Junio Brito"]
[WhiteFideId "3001288"]
[BlackFideId "2109450"]
[WhiteElo "2314"]
[BlackElo "2402"]
[Result "0-1"]
[Round "04"]
[TimeControl "180+1"]
[Date "2021.05.25"]
[WhiteClock "0:00:01"]
[BlackClock "0:00:29"]

1. d4 d5 2. Nc3 Nf6 3. Bf4 c5 4. e3 cxd4 5. exd4 a6 6. Nf3 Bg4 7. h3 Bxf3 8. Qxf3 Nc6 9. O-O-O e6 10. g4 Bd6 11. g5 Bxf4+ 12. Qxf4 Nd7 13. h4 Qb8 14. Qg4 Qd6 15. Bg2 O-O-O 16. f4 g6 17. h5 Kb8 18. hxg6 hxg6 19. Rh6 Rhe8 20. Rh7 Re7 21. Ne2 Nb6 22. Qf3 Rc7 23. Kb1 Nc4 24. c3 Ka7 25. Nc1 N6a5 26. Nd3 Qb6 27. Ka1 Rdd7 28. Qe2 Re7 29. Rdh1 Qb5 30. Ne5 Qa4 31. Nxc4 Qxc4 32. Qxc4 Nxc4 33. Rh8 b5 34. a3 a5 35. Rf8 b4 36. axb4 axb4 37. Rhh8 bxc3 38. bxc3 Rb7 39. Ra8+ Kb6 40. Kb1 Rec7 41. Bf1 Kc6+ 42. Kc1 Nd6 0-1


[Site "https://www.chess.com"]

[Event "Titled Tuesday Blitz May 25 2021"]
[White "Barrientos, Sergio E"]
[Black "Hasangatin, Ramil"]
[WhiteFideId "4401824"]
[BlackFideId "4122160"]
[WhiteElo "2536"]
[BlackElo "2375"]
[Result "0-1"]
[Round "04"]
[TimeControl "180+1"]
[Date "2021.05.25"]
[WhiteClock "0:00:54"]
[BlackClock "0:00:27"]

1. d4 d6 2. e4 Nf6 3. f3 e5 4. d5 Be7 5. c4 Nh5 6. Nc3 Bg5 7. g3 a5 8. f4 exf4 9. Qxh5 g6 10. Qf3 fxg3 11. hxg3 h5 12. Bxg5 Qxg5 13. Qf4 Qe7 14. Nf3 Bg4 15. O-O-O Nd7 16. Bd3 Bxf3 17. Qxf3 Ne5 18. Qf4 O-O 19. Be2 Kg7 20. g4 g5 21. Qf5 h4 22. Nb5 Ng6 23. Nd4 Qe5 24. Qf3 Qf4+ 25. Kc2 Qxf3 26. Bxf3 Ne5 27. Be2 Kg6 28. b3 Rh8 29. Rh3 a4 30. b4 a3 31. Rf1 c5 32. bxc5 dxc5 33. Nb5 Ra4 34. Nxa3 Rha8 35. Kb2 R8a6 36. Rb3 f6 37. Rxb7 Rxa3 38. Ra1 Re3 39. Bf1 Rxe4 40. a4 Rxg4 41. a5 Nxc4+ 42. Kc3 Rxa5 43. Bd3+ f5 44. Rxa5 Nxa5 45. Rb6+ Kh5 46. Bxf5 Rg3+ 47. Kc2 Nc4 48. Bg6+ Kg4 49. Re6 Ne3+ 50. Rxe3 Rxe3 51. d6 Re6 52. d7 Rd6 53. Bf7 h3 54. Be6+ Kg3 0-1


[Site "https://www.chess.com"]

[Event "Titled Tuesday Blitz May 25 2021"]
[White "Bok, Benjamin"]
[Black "Milosevic, Milos"]
[WhiteFideId "1017063"]
[BlackFideId "964875"]
[WhiteElo "2674"]
[BlackElo "2135"]
[Result "1-0"]
[Round "04"]
[TimeControl "180+1"]
[Date "2021.05.25"]
[WhiteClock "0:01:46"]
[BlackClock "0:00:02"]

1. d4 Nf6 2. c4 g6 3. Nc3 Bg7 4. e4 d6 5. Nf3 O-O 6. Be2 e5 7. O-O Nc6 8. d5 Ne7 9. b4 Ne8 10. a4 h6 11. c5 f5 12. Nd2 Nf6 13. Ba3 f4 14. b5 h5 15. Nc4 Ne8 16. a5 dxc5 17. Bxc5 Nd6 18. b6 Nxc4 19. Bxc4 Kh7 20. d6 cxd6 21. Qxd6 Qxd6 22. Bxd6 Re8 23. Nb5 Nc6 24. Nc7 Bd7 25. Nxa8 Rxa8 26. a6 axb6 27. axb7 Rxa1 28. Rxa1 f3 29. Bd5 Nd8 30. b8=Q 1-0


[Site "https://www.chess.com"]

[Event "Titled Tuesday Blitz May 25 2021"]
[White "Bortnyk, Olexandr"]
[Black "Espinosa Veloz, Ermes"]
[WhiteFideId "14120828"]
[BlackFideId "3507424"]
[WhiteElo "2723"]
[BlackElo "2333"]
[Result "1-0"]
[Round "04"]
[TimeControl "180+1"]
[Date "2021.05.25"]
[WhiteClock "0:00:06"]
[BlackClock "0:00:13"]

1. d4 Nf6 2. Bf4 g6 3. e3 Bg7 4. h4 d6 5. h5 Nxh5 6. Rxh5 gxh5 7. Qxh5 Nc6 8. Nf3 Qd7 9. Bc4 Qf5 10. Ng5 Nd8 11. Bd3 Qg4 12. Qh2 h6 13. Ne4 Bf5 14. Nbc3 Ne6 15. Bg3 O-O-O 16. f3 Qg6 17. Nd5 Rhe8 18. Bh4 Ng5 19. Nf4 Qh7 20. Bxg5 hxg5 21. Qxh7 Bxh7 22. Nxg5 Bxd3 23. cxd3 e5 24. Nh5 Rg8 25. d5 e4 26. Nxe4 Rh8 27. Nhg3 Bxb2 28. Rb1 Bg7 29. Kf2 Rde8 30. Nf5 Rh7 31. Nexd6+ cxd6 32. Nxd6+ Kd7 33. Nxe8 Kxe8 34. Rxb7 a5 35. d4 Bf8 36. e4 Bb4 37. e5 Rh4 38. g4 Rh2+ 39. Ke3 Rxa2 40. d6 Ra1 41. f4 Re1+ 42. Kd3 Rd1+ 43. Kc4 Be1 44. f5 Bf2 45. Re7+ Kf8 46. g5 Rxd4+ 47. Kb5 Rd5+ 48. Kc6 Rc5+ 49. Kd7 Bh4 50. f6 Kg8 51. g6 fxg6 52. Re8+ Kf7 53. Re7+ Kf8 54. Ke6 Bg3 55. Rf7+ Ke8 56. d7+ Kd8 57. Rf8+ Kc7 58. d8=Q+ Kb7 59. Qa8+ Kb6 60. Rb8+ 1-0


[Site "https://www.chess.com"]

[Event "Titled Tuesday Blitz May 25 2021"]
[White "Boyer, Mahel"]
[Black "Vega Gutierrez, Sabrina"]
[WhiteFideId "45102422"]
[BlackFideId "2219026"]
[WhiteElo "2325"]
[BlackElo "2281"]
[Result "0-1"]
[Round "04"]
[TimeControl "180+1"]
[Date "2021.05.25"]
[WhiteClock "0:00:03"]
[BlackClock "0:00:39"]

1. d4 d5 2. Nf3 Nf6 3. g3 c6 4. Bg2 Bg4 5. Ne5 Bh5 6. c4 e6 7. O-O Nbd7 8. Nc3 dxc4 9. Nxc4 Be7 10. Qb3 Nb6 11. Na5 Qd7 12. Bg5 O-O 13. Rfd1 h6 14. Bxf6 Bxf6 15. Ne4 Be7 16. Nc5 Qc7 17. Ncxb7 Bxe2 18. Re1 Ba6 19. Nc5 Bxc5 20. dxc5 Nd5 21. Nc4 Rab8 22. Qc2 Bxc4 23. Qxc4 Rxb2 24. Rab1 Rfb8 25. Rbc1 Qa5 26. Bxd5 Qd2 27. Qf1 exd5 28. Re7 Rxa2 29. Rce1 Rbb2 30. R1e2 Qxe2 31. Rxe2 Rxe2 32. Qh3 Rxf2 33. Qc8+ Kh7 34. Qd7 a5 35. g4 a4 36. g5 hxg5 37. Qh3+ Kg6 38. Qd3+ f5 39. Qe3 Rfe2 40. Qh3 Ra1+ 41. Qf1 Rxf1+ 0-1


[Site "https://www.chess.com"]

[Event "Titled Tuesday Blitz May 25 2021"]
[White "Budiarti, Farah Yumna"]
[Black "Borsuk, Konstantin"]
[WhiteFideId "7107331"]
[BlackFideId "14113406"]
[WhiteElo "2521"]
[BlackElo "2363"]
[Result "1/2-1/2"]
[Round "04"]
[TimeControl "180+1"]
[Date "2021.05.25"]
[WhiteClock "0:00:07"]
[BlackClock "0:00:05"]

1. d4 Nf6 2. c4 e6 3. g3 Bb4+ 4. Bd2 c5 5. dxc5 Bxc5 6. Bg2 Qb6 7. Nh3 Qxb2 8. Bc3 Bb4 9. Bxb4 Qxb4+ 10. Nd2 O-O 11. O-O d5 12. Rb1 Qe7 13. Nf4 d4 14. Qb3 Na6 15. Nd3 e5 16. Ne4 Nxe4 17. Bxe4 Rb8 18. Qb5 Re8 19. f4 Bh3 20. Rf2 exf4 21. Rxf4 Nc7 22. Qh5 f5 23. Bxf5 Bxf5 24. Qxf5 g6 25. Qa5 b6 26. Qxa7 Ra8 27. Qxb6 Rxa2 28. Rf2 Rxe2 29. Qxd4 Rxf2 30. Nxf2 Ne6 31. Qe5 Qf7 32. Re1 Ng7 33. Qc3 Rxe1+ 34. Qxe1 Qxc4 35. Ne4 Qd4+ 36. Kg2 Nf5 37. Nf2 Ne3+ 38. Kf3 Nd5 39. Qe8+ Kg7 40. Qd7+ Kg8 41. Qe6+ Kg7 42. Qd7+ Kh8 43. Qd8+ Kg7 44. Qd7+ 1/2-1/2


[Site "https://www.chess.com"]

[Event "Titled Tuesday Blitz May 25 2021"]
[White "Cardoso Cardoso, Jose Gabriel"]
[Black "Nozdrachev, Leonid"]
[WhiteFideId "4430492"]
[BlackFideId "24113433"]
[WhiteElo "2343"]
[BlackElo "2246"]
[Result "1-0"]
[Round "04"]
[TimeControl "180+1"]
[Date "2021.05.25"]
[WhiteClock "0:00:06"]
[BlackClock "0:00:02"]

1. d4 d6 2. Nf3 Nf6 3. c4 g6 4. Nc3 Bf5 5. Nh4 Bg4 6. h3 Bd7 7. Nf3 c5 8. e4 cxd4 9. Nxd4 Nc6 10. Be3 Bg7 11. Be2 O-O 12. O-O Rc8 13. Nf3 Qa5 14. a3 Ne5 15. Nxe5 Qxe5 16. Bd4 Qa5 17. b4 Qd8 18. Rc1 b6 19. Qd3 Bc6 20. Nd5 Bxd5 21. cxd5 Bh6 22. Be3 Bxe3 23. Qxe3 Qd7 24. Ba6 Rxc1 25. Rxc1 Qa4 26. Bb7 a5 27. Bc6 b5 28. bxa5 Nxe4 29. Rb1 Nc5 30. Rxb5 Qd1+ 31. Kh2 e5 32. dxe6 fxe6 33. a6 Nxa6 34. Qxe6+ Kh8 35. Qe7 1-0


[Site "https://www.chess.com"]

[Event "Titled Tuesday Blitz May 25 2021"]
[White "Chernomordik, Pavel"]
[Black "Jarovinsky, Alexey"]
[WhiteFideId "2804530"]
[BlackFideId "14115131"]
[WhiteElo "2299"]
[BlackElo "2446"]
[Result "1-0"]
[Round "04"]
[TimeControl "180+1"]
[Date "2021.05.25"]
[WhiteClock "0:00:13"]
[BlackClock "0:00:04"]

1. e4 Nc6 2. Nf3 d6 3. d4 Bg4 4. c3 Nf6 5. Bd3 e5 6. d5 Nb8 7. h3 Bxf3 8. Qxf3 Nbd7 9. Be3 Be7 10. Nd2 h6 11. O-O Nh7 12. b4 Bg5 13. Nc4 O-O 14. a4 Bxe3 15. Qxe3 b6 16. Be2 Re8 17. Qd3 Nhf8 18. Ne3 Ng6 19. g3 a5 20. Nf5 Ne7 21. Ne3 Nf6 22. Nc4 axb4 23. cxb4 Qd7 24. a5 bxa5 25. bxa5 Qxh3 26. Ne3 h5 27. Rfc1 Ra7 28. Bf1 Qc8 29. a6 Nd7 30. Qd1 h4 31. gxh4 Nc5 32. Qf3 Nxa6 33. Bb5 Rf8 34. Qe2 Ng6 35. Rxa6 Nf4 36. Qf1 Rxa6 37. Bxa6 Qd8 38. Ng2 Nh5 39. Qe2 g6 40. Qg4 Qe7 41. Be2 Rb8 42. Qg5 Qd7 43. Bxh5 Kg7 44. Bg4 Qa4 45. Rxc7 Rb1+ 46. Kh2 Qa1 47. Qe7 Rh1+ 48. Kg3 1-0


[Site "https://www.chess.com"]